[Event "*** Titled Tuesday 3|2 Blitz (Late)"]
[Site "Chess.com"]
[Date "2017.01.03"]
[Round "4"]
[White "lrj2011"]
[Black "SabinaFoisor"]
[Result "0-1"]
[WhiteElo "2270"]
[BlackElo "2212"]
[TimeControl "180+2"]
[EndTime "17:42:14 PST"]
[Termination "SabinaFoisor won by checkmate"]

1. e4 e5 2. Nf3 Nc6 3. Bc4 Bc5 4.
O-O Nf6 5. d4 Bxd4 6. Nxd4 Nxd4 7. f4 d6 8. fxe5 dxe5 9. Bg5 Be6 10. Na3 Qe7 11. Bxf6 gxf6 12. c3 Bxc4 13. Nxc4 Ne6 14. b4 Rd8 15. Qa4+ Qd7 16. Qxa7 b5 17. Ne3 c6 18. Qa3 Qd3 19. Ng4 Ke7 20. Nxf6 Qe3+ 21. Kh1 Nf4 22. g3 Kxf6 23. gxf4 Qxe4+ 24. Kg1 Rhg8+ 25. Kf2 Rd2# 0-1

[Event "*** Titled Tuesday 3|2 Blitz (Late)"]
[Site "Chess.com"]
[Date "2017.01.03"]
[Round "4"]
[White "fastestmindalive"]
[Black "Elshan1985"]
[Result "0-1"]
[WhiteElo "2419"]
[BlackElo "2594"]
[TimeControl "180+2"]
[EndTime "17:42:34 PST"]
[Termination "Elshan1985 won by resignation"]

1. e4 e5 2. Nf3 Nc6 3. Bb5 a6 4. Ba4 Nf6 5. O-O Be7 6. Re1 b5 7. Bb3 d6 8. h3 Na5 9. d4 Nxb3 10. axb3 Nd7 11. c3 Bb7 12. b4 O-O 13. Nbd2 f5 14.
exf5 Rxf5 15. Ne4 Qf8 16. dxe5 Nxe5 17. Nd4 Bxe4 18. Rxe4 Rxf2 19. Ne6 Qf5 20. Ng5 Rf8 21. Re1 0-1

[Event "*** Titled Tuesday 3|2 Blitz (Late)"]
[Site "Chess.com"]
[Date "2017.01.03"]
[Round "4"]
[White "LazarusIcarus"]
[Black "dretch"]
[Result "0-1"]
[WhiteElo "2120"]
[BlackElo "2577"]
[TimeControl "180+2"]
[EndTime "17:42:38 PST"]
[Termination "dretch won by resignation"]

1. e4 e6 2. d4 d5 3. Nd2 c5 4. exd5 Qxd5 5. Ngf3 cxd4 6. Bc4 Qd6 7.
O-O Nf6 8. Nb3 Nc6 9. Nbxd4 Nxd4 10. Nxd4 a6 11. Re1 Qc7 12. Bf1 Bd6 13. Nf5 Bxh2+ 14. Kh1 O-O 15. Nxg7 Rd8 16. Bd3 Kxg7 17. Qd2 Ng8 18.
g3 Bxg3 19. Rg1 Qc6+ 20. Rg2 Rd5 21. Kg1 Rh5 22. Rxg3+ Kh8 23. f3 e5 24. b3 Bf5 25.
Bb2 Bxd3 26. Qxd3 Qh6 27. Rg2 Qb6+ 28. Kf1 Rd8 29. Qe4 Nf6 30. Bxe5 Qb5+ 0-1

[Event "*** Titled Tuesday 3|2 Blitz (Late)"]
[Site "Chess.com"]
[Date "2017.01.03"]
[Round "4"]
[White "MbMaster"]
[Black "MaestroASK"]
[Result "0-1"]
[WhiteElo "2369"]
[BlackElo "2473"]
[TimeControl "180+2"]
[EndTime "17:42:50 PST"]
[Termination "MaestroASK won by resignation"]

1. d4 d6 2. e4 g6 3. Nf3 Bg7 4.
c3 e5 5. dxe5 dxe5 6. Qxd8+ Kxd8 7. Bd3 f6 8. Nbd2 Nd7 9. Nc4 Bh6 10. Be3 Bxe3 11. Nxe3 c6 12. Ke2 Nh6 13. a4 a5 14. b4 Ke7 15. Nc4 axb4 16. cxb4 Nf7 17. Rhd1 Nd6 18. Nxd6 Kxd6 19. Nd2 Rd8 20. Nc4+ Kc7 21. a5 Nf8 22. b5 cxb5 23. Nb6 Ra7 24. Rac1+ Kb8 25. Bxb5 Bg4+ 26. f3 Rxd1 27. Rxd1 Rxa5 28.
Bc4 Ka7 29. Nc8+ Bxc8 30. Rd8 Be6 0-1

[Event "*** Titled Tuesday 3|2 Blitz (Late)"]
[Site "Chess.com"]
[Date "2017.01.03"]
[Round "4"]
[White "rithwik2002"]
[Black "eltenedor"]
[Result "1-0"]
[WhiteElo "1738"]
[BlackElo "2030"]
[TimeControl "180+2"]
[EndTime "17:43:47 PST"]
[Termination "rithwik2002 won by resignation"]

1. e4 d5 2. exd5 Nf6 3. Nc3 Nxd5 4. Bc4 Nb6 5. Bb3 c5 6. d3 Bf5 7. Qf3 Qd7 8. Nge2 e6 9. g4 Bg6 10. a4 a6 11. a5 Nc8 12. Be3 Nc6 13. Nf4 Be7 14.
h4 Ne5 15. Qg2 h5 16. gxh5 Rxh5 17. Nxh5 Bxh5 18. Qxg7 Nf3+ 19. Kf1 Nd6 20. Qh8+ Bf8 21. Qxh5 Nd4 22. Bxd4 cxd4 23. Ba4 Nb5 24. Nxb5 Kd8 25. Qg5+ 1-0

[Event "*** Titled Tuesday 3|2 Blitz (Late)"]
[Site "Chess.com"]
[Date "2017.01.03"]
[Round "4"]
[White "ItalianMachine"]
[Black "JustKid"]
[Result "0-1"]
[WhiteElo "2212"]
[BlackElo "2243"]
[TimeControl "180+2"]
[EndTime "17:44:09 PST"]
[Termination "JustKid won by resignation"]

1. d4 Nf6 2. Nf3 g6 3. c4 Bg7 4.
Qc2 O-O 5. e4 d6 6. Nc3 Nbd7 7.
Be2 e5 8. d5 c5 9. Be3 Ng4 10. Bd2 f5 11. Ng5 Ndf6 12. f3 Nh6 13. O-O-O f4 14. g3 Nxd5 15. Nxd5 Qxg5 16. gxf4 exf4 17. h4 Qe5 18. Bc3 Qh5 19. Bxg7 Kxg7 20. Qc3+ Qe5 21. Nc7 Rb8 22. Rxd6 Qxc3+ 23. bxc3 Nf7 24.
Rd5 b6 25. h5 g5 26. e5 Bb7 27. Rd7 Kg8 28. h6 Nxe5 29. Rg7+ Kh8 30. Rxg5 Bxf3 31.
Re1 Bxe2 32. Rxe2 f3 33. Rgxe5 fxe2 34. Rxe2 Rf6 35. Re7 Rxh6 36. Nd5 Rg6 37. Rxa7 h5 38. Nf4 Rh6 39. Kd2 h4 40. Nh3 Rg8 0-1

[Event "*** Titled Tuesday 3|2 Blitz (Late)"]
[Site "Chess.com"]
[Date "2017.01.03"]
[Round "4"]
[White "DuleMudule"]
[Black "Ez_Chess2016"]
[Result "1-0"]
[WhiteElo "2508"]
[BlackElo "1982"]
[TimeControl "180+2"]
[EndTime "17:44:13 PST"]
[Termination "DuleMudule won by resignation"]

1. d4 Nf6 2. Nc3 d5 3. Bf4 e6 4. e3 Bb4 5. Bd3 c5 6. dxc5 Nbd7 7. Nf3 Nxc5 8. O-O O-O 9. Nb5 a6 10. Nbd4 Nxd3 11. cxd3 Bd6 12. Ne5 Ne8 13. Nef3 f6 14. Bxd6 Nxd6 15. Qb3 Kh8 16. Rfc1 e5 17. Nc2 Be6 18.
Nb4 Nf5 19. e4 Ne7 20. Nd2 Qd7 21. exd5 Nxd5 22. Nc4 Qf7 23. Nd6 Nxb4 24. Nxf7+ Bxf7 25. Qxb4 Rad8 26. Rc7 Bg6 27. Qe7 Rg8 28. h4 h6 29.
Rac1 Rxd3 30. Rc8 Rd1+ 31. Rxd1 Rxc8 32. Rd7 Rg8 33. Rxb7 Kh7 34. Qxf6 Bb1 35. Qxe5 Bg6 36. h5 Bb1 37. b4 Bc2 38. Rc7 Bb1 39. a4 Kh8 40. b5 axb5 41. axb5 Bh7 42. b6 1-0

[Event "*** Titled Tuesday 3|2 Blitz (Late)"]
[Site "Chess.com"]
[Date "2017.01.03"]
[Round "4"]
[White "bugsbunny444"]
[Black "boredoldman"]
[Result "0-1"]
[WhiteElo "2334"]
[BlackElo "2508"]
[TimeControl "180+2"]
[EndTime "17:44:25 PST"]
[Termination "boredoldman won by resignation"]

1. Nf3 c5 2. c4 Nc6 3. d4 cxd4 4.
Nxd4 e5 5. Nb5 d6 6. N1c3 Nf6 7. g3 a6 8. Na3 Be6 9. Bg2 Be7 10. O-O O-O 11. Nd5 Rc8 12. Be3 Bf5 13. Bb6 Qd7 14. Qd2 Ne4 15. Qe3 Nf6 16. Rfd1 Nxd5 17.
Rxd5 Bh3 18. Rad1 Bxg2 19. Kxg2 Qe6 20. Qd2 f5 21. Nb1 f4 22. Nc3 Rf6 23. f3 fxg3 24. hxg3 Rh6 25. g4 Nb4 26. b3 Rg6 27. Ra5 h5 28.
Nd5 hxg4 29. f4 Nxd5 30. Rxd5 exf4 31. Qxf4 Qxe2+ 32. Qf2 Qe4+ 33. Kg3 Bh4+ 0-1

[Event "*** Titled Tuesday 3|2 Blitz (Late)"]
[Site "Chess.com"]
[Date "2017.01.03"]
[Round "4"]
[White "BCNUM8"]
[Black "AllStarShark"]
[Result "0-1"]
[WhiteElo "2126"]
[BlackElo "2224"]
[TimeControl "180+2"]
[EndTime "17:44:33 PST"]
[Termination "AllStarShark won on time"]

1. d4 d5 2. Bg5 h6 3. Bh4 g5 4.
Bg3 Bg7 5. e3 c5 6. c3 Nd7 7. h4 Ngf6 8. hxg5 hxg5 9. Rxh8+ Bxh8 10. Nf3 Ne4 11. Bh2 e6 12. Nbd2 Nxd2 13. Qxd2 g4 14.
Ne5 Bxe5 15. dxe5 Qg5 16. Bb5 a6 17. Bxd7+ Bxd7 18. O-O-O O-O-O 19. Bf4 Qg6 20. Rh1 Bc6 21.
Rh6 Qe4 22. g3 d4 23. cxd4 cxd4 24. Qc2 d3 25. Qd2 Qc4+ 26. Kb1 Be4 27. b3 Qc2+ 28. Qxc2+ dxc2+ 29. Kb2 Rd1 30. Rh8+ Kd7 0-1

[Event "*** Titled Tuesday 3|2 Blitz (Late)"]
[Site "Chess.com"]
[Date "2017.01.03"]
[Round "4"]
[White "StegariuVlad"]
[Black "Hamisandwich"]
[Result "0-1"]
[WhiteElo "2434"]
[BlackElo "2395"]
[TimeControl "180+2"]
[EndTime "17:44:46 PST"]
[Termination "Hamisandwich won by resignation"]

1. e4 d6 2. d4 Nf6 3. f3 g6 4. Be3 Bg7 5. Qd2 h6 6. Ne2 c6 7. Nbc3 b5 8. a3 Nbd7 9. O-O-O Nb6 10. Ng3 a5 11. e5 b4 12. exf6 bxc3 13.
Qxc3 Bxf6 14. Qxc6+ Bd7 15. Qe4 d5 16. Qd3 Nc4 17. Qc3 Rc8 18. Bxc4 Rxc4 19. Qd2 Ba4 20. c3 Bxd1 21. Rxd1 h5 22. Bg5 Bxd4 23. Re1 f6 24.
Qd3 Kf7 25. Bd2 a4 26. Kb1 Bc5 27. Ne2 e5 28. f4 e4 29. Qh3 Qc8 30. Qh4 Qg4 31. Qh3 Qxh3 32. gxh3 Rb8 33. Ka2 d4 34. cxd4 Bxd4 35. Nxd4 Rxd4 36. Bc3 Rc4 37. Rd1 Ke6 38. Bb4 Rbxb4 39. axb4 Rxb4 40. Ka3 Rc4 41. Rg1 Kf5 42.
h4 e3 43. Rg3 Re4 44. Rg1 e2 45. Re1 Kxf4 0-1

[Event "*** Titled Tuesday 3|2 Blitz (Late)"]
[Site "Chess.com"]
[Date "2017.01.03"]
[Round "4"]
[White "severomorskij"]
[Black "jbj"]
[Result "1-0"]
[WhiteElo "2600"]
[BlackElo "2340"]
[TimeControl "180+2"]
[EndTime "17:44:51 PST"]
[Termination "severomorskij won by resignation"]

1. d4 Nf6 2. Bg5 d5 3. e3 Bf5 4.
Bxf6 exf6 5. Nf3 c6 6. c4 Qb6 7. Qb3 Qxb3 8. axb3 Bb4+ 9. Nc3 dxc4 10. bxc4 Nd7 11. Be2 Be4 12. O-O Bxf3 13. Bxf3 Bxc3 14. bxc3 Ke7 15. Rfb1 Rhb8 16. Ra5 Kd8 17. Kf1 Kc7 18. Ke2 Re8 19. Kd3 g6 20. g4 a6 21. c5 f5 22.
gxf5 gxf5 23. Ra2 Nf6 24. Rab2 Rab8 25. c4 Red8 26. h3 h6 27. Kc3 Rd7 28. Bxc6 Ne4+ 29. Bxe4 fxe4 30. d5 f5 31. Kd4 Rg7 32. d6+ Kc8 33.
c6 Rg6 34. c5 Rg7 35. c7 1-0

[Event "*** Titled Tuesday 3|2 Blitz (Late)"]
[Site "Chess.com"]
[Date "2017.01.03"]
[Round "4"]
[White "AdrianaNikolova"]
[Black "amurdercastle"]
[Result "1-0"]
[WhiteElo "2261"]
[BlackElo "2336"]
[TimeControl "180+2"]
[EndTime "17:44:53 PST"]
[Termination "AdrianaNikolova won by resignation"]

1. e4 c6 2. d4 d5 3. Nc3 dxe4 4. Nxe4 Bf5 5. Ng3 Bg6 6. h4 h6 7. Nf3 Nd7 8. Bd3 Bxd3 9. Qxd3 e6 10. Bd2 Ngf6 11. O-O-O Be7 12. Ne4 Nxe4 13. Qxe4 Nf6 14. Qe2 Qd5 15. Kb1 Qe4 16. Be3 O-O-O 17. Ne5 Rhf8 18. f3 Qd5 19. c4 Qa5 20. Bd2 Bb4 21.
Bf4 Be7 22. g4 c5 23. Nxf7 Rxf7 24. Qxe6+ Rd7 25. Qxf7 cxd4 26. Rhe1 Bd6 27. Bd2 Qd8 28. Qe6 Kb8 29. g5 hxg5 30. Bxg5 Be7 31. Bxf6 Bxf6 32. Qe8 Bxh4 33. Re4 Bf6 34. Qg6 a6 35. Re8 1-0

[Event "*** Titled Tuesday 3|2 Blitz (Late)"]
[Site "Chess.com"]
[Date "2017.01.03"]
[Round "4"]
[White "Genghis_K"]
[Black "AndrBaryshpolets"]
[Result "1-0"]
[WhiteElo "2722"]
[BlackElo "2466"]
[TimeControl "180+2"]
[EndTime "17:45:01 PST"]
[Termination "Genghis_K won by resignation"]

1. d4 d5 2. Bf4 Nf6 3. e3 c5 4. c3 Qb6 5. Qb3 Nc6 6. Nd2 c4 7.
Qc2 g6 8. e4 Na5 9. Be5 Be6 10.
exd5 Bxd5 11. Nh3 Bh6 12. Bf4 Bg7 13. Be3 O-O 14. Nf4 Rac8 15. Be2 Qd6 16. O-O b5 17.
Rfe1 Rfe8 18. a3 a6 19. Rad1 Nc6 20. Nxd5 Nxd5 21. Bg5 f5 22. Nf3 h6 23. Bc1 e6 24.
Ne5 Nxe5 25. dxe5 Bxe5 26. g3 Bg7 27. Bf3 Rcd8 28. Bf4 Qb6 29. Be5 Bxe5 30. Rxe5 Nf6 31. Rde1 Kf7 32. h4 g5 33. hxg5 hxg5 34. Qc1 g4 35. Bg2 Rd6 36. Qh6 Rg8 37. Qf4 Qd8 38.
a4 Rg6 39. axb5 axb5 40. Rxb5 Nd5 41. Rb7+ Rd7 42. Bxd5 1-0

[Event "*** Titled Tuesday 3|2 Blitz (Late)"]
[Site "Chess.com"]
[Date "2017.01.03"]
[Round "4"]
[White "afgano29"]
[Black "Kanthecarowin"]
[Result "1-0"]
[WhiteElo "2409"]
[BlackElo "2246"]
[TimeControl "180+2"]
[EndTime "17:45:03 PST"]
[Termination "afgano29 won by resignation"]

1. e4 c6 2. d4 d5 3. exd5 cxd5 4. c4 Nf6 5. Nc3 e6 6. Nf3 Bb4 7. Be2 dxc4 8. Bxc4 O-O 9. O-O b6 10. a3 Be7 11.
Qd3 Bb7 12. Bg5 Nbd7 13. Rad1 Rc8 14. Ba2 Qc7 15. Bb1 g6 16. Rfe1 Rfd8 17. Qe3 Nd5 18.
Nxd5 Bxg5 19. Nxc7 Bxe3 20. Nxe6 Bxf2+ 21. Kxf2 fxe6 22. Rxe6 Nc5 23. Re7 Bxf3 24. gxf3 Rd7 25. Ba2+ Kf8 26. Ree1 Rcd8 27. d5 Na4 28. Rd2 b5 29. Re6 Nb6 30. d6 Nc4 31. Bxc4 bxc4 32. Ke2 Kf7 33. Re4 c3 34. bxc3 Rxd6 35. Red4 Re6+ 36. Kd3 Rde8 37.
Re4 Rxe4 38. fxe4 Ke6 39. Rb2 Re7 40. Rb5 Rd7+ 41. Ke3 Rc7 42. Kd4 Rd7+ 43. Rd5 Rf7 44. Ra5 Rd7+ 45. Rd5 Rf7 46. Re5+ Kd6 47. Ra5 Rf2 48.
Ra6+ Kc7 49. Rxa7+ Kd6 50. Rxh7 Ra2 51. Rg7 Rxh2 52.
Rxg6+ Ke7 53. a4 Ra2 54. Ra6 Kd7 55. c4 1-0

[Event "*** Titled Tuesday 3|2 Blitz (Late)"]
[Site "Chess.com"]
[Date "2017.01.03"]
[Round "4"]
[White "Kawhi_Leonard2"]
[Black "Divertissement"]
[Result "0-1"]
[WhiteElo "2209"]
[BlackElo "2438"]
[TimeControl "180+2"]
[EndTime "17:45:05 PST"]
[Termination "Divertissement won by resignation"]

1. e4 c6 2. d4 d5 3. Nd2 dxe4 4.
Nxe4 Bf5 5. Ng3 Bg6 6. h4 h6 7. Nf3 Nd7 8. h5 Bh7 9. Bd3 Bxd3 10. Qxd3 e6 11. Bd2 Ngf6 12. O-O-O Be7 13. Kb1 O-O 14. Ne4 Nxe4 15. Qxe4 Nf6 16. Qe2 Qd5 17. Be3 Ng4 18. Rh3 Nxe3 19. Qxe3 c5 20. Rhh1 Rfd8 21. Qe2 Bf6 22. dxc5 Qxc5 23. g4 Qb4 24. Ne5 Qf4 25. Nd3 Qc4 26. f4 Rd5 27. Rhg1 Rb5 28. Qe3 Rd8 29.
g5 hxg5 30. fxg5 Bd4 31. Qe4 Qc3 32. Kc1 Rxb2 33. Nxb2 Qxb2+ 34. Kd2 Bxg1+ 0-1

[Event "*** Titled Tuesday 3|2 Blitz (Late)"]
[Site "Chess.com"]
[Date "2017.01.03"]
[Round "4"]
[White "yian123"]
[Black "flubs"]
[Result "1-0"]
[WhiteElo "2380"]
[BlackElo "2235"]
[TimeControl "180+2"]
[EndTime "17:45:05 PST"]
[Termination "yian123 won on time"]

1. e4 c6 2. Nc3 d5 3. Nf3 Bg4 4. h3 Bxf3 5. Qxf3 e6 6. d3 Nf6 7. Qg3 Nbd7 8. Be2 g6 9. Bf4 Bg7 10. Bd6 b5 11. a3 d4 12. Nb1 Qb6 13. Nd2 O-O-O 14. b4 h5 15. O-O h4 16. Qh2 Rhe8 17.
Nb3 e5 18. f4 exf4 19. Qxf4 Nf8 20. Bc5 Qc7 21. Qxh4 g5 22. Qxg5 Ne6 23. Qf5 Rg8 24.
a4 Nd7 25. axb5 Bh6 26. Rxa7 Qg3 27. Qf3 Nf4 28. Qxg3 Nxe2+ 29. Kh2 Rxg3 30. Bd6 1-0

[Event "*** Titled Tuesday 3|2 Blitz (Late)"]
[Site "Chess.com"]
[Date "2017.01.03"]
[Round "4"]
[White "Iball95"]
[Black "fpawn"]
[Result "0-1"]
[WhiteElo "2430"]
[BlackElo "2225"]
[TimeControl "180+2"]
[EndTime "17:45:19 PST"]
[Termination "fpawn won by resignation"]

1. e4 c5 2. Nf3 Nc6 3. Bb5 g6 4. Bxc6 dxc6 5. d3 Bg7 6. h3 Nf6 7. Nc3 Nd7 8. Be3 e5 9. O-O Qe7 10.
Nh2 Nf8 11. f4 exf4 12. Bxf4 Ne6 13. Bg3 O-O 14. Qd2 c4 15. d4 Nxd4 16. Rae1 b5 17. e5 Nf5 18. Qf2 Be6 19. Ne4 Bd5 20. Ng4 Bxe4 21.
Rxe4 Nxg3 22. Qxg3 f5 23. exf6 Qxe4 24. fxg7 Qd4+ 25.
Rf2 Rxf2 26. Nxf2 Qxg7 27. Ng4 Rf8 28. Qd6 h5 29. Ne5 Qf6 30. Qc7 Qf1+ 31. Kh2 Qf4+ 32. Kg1 Re8 33. Qxc6 Rxe5 34. Qxg6+ Kf8 35. Qd6+ Kf7 36.
Qc7+ Kg6 37. Qc6+ Qf6 38. Qa8 Re1+ 0-1

[Event "*** Titled Tuesday 3|2 Blitz (Late)"]
[Site "Chess.com"]
[Date "2017.01.03"]
[Round "4"]
[White "Izoria123"]
[Black "jk13"]
[Result "1-0"]
[WhiteElo "2435"]
[BlackElo "2516"]
[TimeControl "180+2"]
[EndTime "17:45:24 PST"]
[Termination "Izoria123 won by resignation"]

1. e4 e5 2. Nf3 Nc6 3. Bb5 Nf6 4.
d3 Bc5 5. Bxc6 dxc6 6. Nbd2 Be6 7. O-O Qd6 8. Qe2 O-O-O 9. a3 a6 10. b4 Ba7 11.
Nc4 Bxc4 12. dxc4 Bd4 13. Rb1 Qe6 14. c5 Qg4 15. Bg5 Qxe4 16. Qxe4 Nxe4 17. Bxd8 Rxd8 18. Rbe1 f5 19. Nxd4 exd4 20. Re2 b6 21. cxb6 cxb6 22. f3 Nc3 23. Re7 Rd7 24. Rfe1 g6 25. h4 Kc7 26.
h5 Nb5 27. h6 Nxa3 28. Rg7 Kd6 29. Re8 Nxc2 30. Rxd7+ Kxd7 31. Rh8 d3 32. Rxh7+ Kd6 33. Kf1 Ne3+ 34. Ke1 c5 35. bxc5+ bxc5 36. Rh8 c4 37. h7 c3 38. Rd8+ Ke5 39. h8=Q+ 1-0

[Event "*** Titled Tuesday 3|2 Blitz (Late)"]
[Site "Chess.com"]
[Date "2017.01.03"]
[Round "4"]
[White "1random"]
[Black "josiwales"]
[Result "0-1"]
[WhiteElo "1998"]
[BlackElo "2242"]
[TimeControl "180+2"]
[EndTime "17:45:31 PST"]
[Termination "josiwales won by resignation"]

1. Nf3 Nf6 2. Rg1 d5 3. d4 c6 4.
Ne5 Bf5 5. g4 Bg6 6. h4 h6 7.
Nxg6 fxg6 8. Qd3 Ne4 9. f3 Qa5+ 10. b4 Qxb4+ 11. c3 Nxc3 12. Qxc3 e6 13. a3 Qd6 14. f4 Be7 15. Qg3 Nd7 16. g5 hxg5 17. hxg5 O-O-O 18. Nc3 Nb6 19. e3 Rdf8 20. Bd3 a6 21. Bxg6 c5 22. Bd2 cxd4 23. exd4 Nc4 24. Ne2 Kb8 25. Bb4 Qc7 26. Bxe7 Qxe7 27. Qb3 Rh2 28. Bd3 b5 29. a4 b4 30. Bxc4 dxc4 31. Qxc4 Rc8 32. Qxa6 Rc2 33. Qb5+ Ka8 34. Qa5+ Kb8 35.
Qe5+ Kc8 36. Nc1 b3 37. Nxb3 Qb4+ 38. Kd1 Rcd2+ 39. Ke1 Rde2+ 40. Kd1 Qxb3+ 41. Kc1 0-1

[Event "*** Titled Tuesday 3|2 Blitz (Late)"]
[Site "Chess.com"]
[Date "2017.01.03"]
[Round "4"]
[White "QuintilianoR"]
[Black "simplerXiao"]
[Result "1-0"]
[WhiteElo "2533"]
[BlackElo "2361"]
[TimeControl "180+2"]
[EndTime "17:45:41 PST"]
[Termination "QuintilianoR won by checkmate"]

1. d4 Nf6 2. Nf3 e6 3. Bf4 d5 4. e3 c5 5. Nbd2 Nc6 6. c3 Be7 7. h3 O-O 8. Bb5 a6 9. Bxc6 bxc6 10. O-O cxd4 11. exd4 c5 12. dxc5 Bxc5 13. Nb3 Bd6 14. Bxd6 Qxd6 15. c4 Bb7 16. Re1 Qb4 17.
c5 a5 18. a3 Qa4 19. Nfd4 Rfc8 20. Rc1 Ne4 21. f3 Nf6 22. Qd2 Nd7 23. Kh1 Nb8 24. f4 Nc6 25. Nxc6 Rxc6 26. Nd4 Rc7 27. f5 exf5 28. Nxf5 h6 29. Qc3 f6 30. Qg3 Rd7 31.
Nxh6+ Kh7 32. Nf5 Kg8 33. c6 Bxc6 34. Ne7+ Kf8 35. Nxc6 Rc8 36. Re6 Kf7 37. Rd6 Rdc7 38.
Nd8+ Kg8 39. Rxc7 Rxc7 40. Ne6 Qd1+ 41. Kh2 Re7 42. Rd8+ Kf7 43. Qd6 Qe1 44. Rf8+ Kg6 45. Nf4+ Kh7 46. Qd8 Kh6 47. Qxd5 Re5 48. Qf3 Qd2 49.
Rh8+ Kg5 50. Rh5# 1-0

[Event "*** Titled Tuesday 3|2 Blitz (Late)"]
[Site "Chess.com"]
[Date "2017.01.03"]
[Round "4"]
[White "Houdinovic"]
[Black "chito89"]
[Result "0-1"]
[WhiteElo "2340"]
[BlackElo "2500"]
[TimeControl "180+2"]
[EndTime "17:46:06 PST"]
[Termination "chito89 won on time"]

1. e4 g6 2. d4 Bg7 3. g3 d6 4.
Bg2 Nf6 5. Nc3 O-O 6. Nge2 e5 7. h3 exd4 8. Nxd4 Re8 9. O-O Nc6 10. Nxc6 bxc6 11.
Re1 Nd7 12. Be3 Rb8 13. Bxa7 Rxb2 14. Bd4 Bxd4 15. Qxd4 c5 16. Qd1 Ne5 17. f4 Nc6 18. Qc1 Rb8 19. Nd5 Be6 20. c3 Bxd5 21. exd5 Ne7 22. g4 Nc8 23. Rxe8+ Qxe8 24. Qd2 Nb6 25.
Re1 Qf8 26. Bf1 Re8 27. Ra1 Ra8 28. Bb5 Qg7 29. a4 Qf6 30. a5 Nc8 31. Bc6 Rb8 32.
a6 Na7 33. Bb7 Re8 34. Rf1 h6 35. Re1 Rxe1+ 36. Qxe1 Qxf4 37. Qe8+ Kg7 0-1

[Event "*** Titled Tuesday 3|2 Blitz (Late)"]
[Site "Chess.com"]
[Date "2017.01.03"]
[Round "4"]
[White "Gordima"]
[Black "Buffy7"]
[Result "1-0"]
[WhiteElo "2485"]
[BlackElo "2490"]
[TimeControl "180+2"]
[EndTime "17:46:13 PST"]
[Termination "Gordima won by resignation"]

1. e4 c5 2. f4 Nc6 3. Nf3 e6 4.
Bb5 Nge7 5. d3 a6 6. Ba4 b5 7. Bb3 d5 8. c3 c4 9. Bc2 cxd3 10. Bxd3 dxe4 11. Bxe4 Qxd1+ 12. Kxd1 Bb7 13. Be3 Rd8+ 14. Nbd2 Nd5 15. Bxd5 Rxd5 16. a4 Be7 17. axb5 axb5 18. b4 O-O 19. Kc2 Rc8 20. Kb2 Bf6 21. Ne4 Rd3 22.
Bc5 Be7 23. Bxe7 Nxe7 24. Nc5 Bxf3 25. Nxd3 Bxg2 26. Rhg1 Bd5 27. Ra5 Rd8 28. Rxb5 Bc4 29. Rb7 Ng6 30. Ne5 Nxe5 31. fxe5 h5 32. Rg2 h4 33. Rc7 Bd5 34. Rd2 Ra8 35. c4 Be4 36. b5 g5 37. c5 Ra5 38. b6 g4 39. Rd4 Bf3 40. b7 Rb5+ 41. Kc3 Bxb7 42. Rxg4+ Kf8 43.
Rb4 1-0

[Event "*** Titled Tuesday 3|2 Blitz (Late)"]
[Site "Chess.com"]
[Date "2017.01.03"]
[Round "4"]
[White "Shivagami"]
[Black "norwaytoadog"]
[Result "0-1"]
[WhiteElo "2042"]
[BlackElo "1956"]
[TimeControl "180+2"]
[EndTime "17:46:14 PST"]
[Termination "norwaytoadog won by checkmate"]

1. d4 Nf6 2. Bf4 d6 3. e3 g6 4. Nf3 Bg7 5. Be2 b6 6. h3 Bb7 7. O-O O-O 8. Nbd2 Nbd7 9. a4 a5 10. c3 Re8 11. Bh2 e5 12. dxe5 dxe5 13. Nc4 Ne4 14. Qc2 Qe7 15. Rfd1 f6 16. Na3 Ndc5 17.
Bc4+ Kh8 18. Nb5 Rad8 19. Ne1 Nd6 20. Nxd6 cxd6 21. b4 Ne6 22. Qb3 Bc6 23. bxa5 bxa5 24. Qb6 Qc7 25. Qxc7 Nxc7 26. Rab1 d5 27. Bb3 Na6 28.
Nd3 Rb8 29. Bc2 Bf8 30. Rb2 Rxb2 31. Nxb2 Rb8 32. Nd3 Kg7 33. Nxe5 Be8 34. Nd3 Rc8 35. Rb1 Rxc3 36. Rb7+ Kh6 37. Bb1 Bc6 38. Rb6 Nb4 39. Nxb4 axb4 40. Ba2 Rc1# 0-1

[Event "*** Titled Tuesday 3|2 Blitz (Late)"]
[Site "Chess.com"]
[Date "2017.01.03"]
[Round "4"]
[White "Hikaru"]
[Black "yurisolo"]
[Result "1-0"]
[WhiteElo "2847"]
[BlackElo "2455"]
[TimeControl "180+2"]
[EndTime "17:46:15 PST"]
[Termination "Hikaru won on time"]

1. c4 Nf6 2. g3 c6 3. Bg2 d5 4. Nf3 dxc4 5. Na3 Be6 6. Ng5 Bd5 7.
e4 h6 8. exd5 hxg5 9. dxc6 Nxc6 10. Nxc4 e6 11. O-O Bc5 12. d4 Qxd4 13. Bxc6+ bxc6 14. Qxd4 Bxd4 15. Bxg5 Ke7 16. Rfd1 c5 17. Rac1 Rad8 18.
b4 Rd5 19. h4 Rhd8 20. Kg2 cxb4 21. Rd3 e5 22. Bd2 Bc5 23. Rb3 Ne4 24. Bxb4 Bxb4 25.
Rxb4 R8d7 26. Ne3 Rc5 27. Re1 Nc3 28. Rb2 f6 29. Rc2 Na4 30. Rce2 Kf7 31. h5 Nc3 32. Rb2 Rb5 33. Rc2 Nd5 34. Nf5 Nb4 35. Rc8 Nxa2 36.
Re4 Rb4 37. Re2 Ra4 38. Rec2 Ke6 39. Ne3 a5 40. R2c6+ Kf7 41. Nf5 Nb4 42. R6c7 Rxc7 43. Rxc7+ Kf8 44. Rxg7 Nd3 45. h6 Ne1+ 46. Kh3 1-0

[Event "*** Titled Tuesday 3|2 Blitz (Late)"]
[Site "Chess.com"]
[Date "2017.01.03"]
[Round "4"]
[White "MrReinberg"]
[Black "avto24"]
[Result "1-0"]
[WhiteElo "2275"]
[BlackElo "2334"]
[TimeControl "180+2"]
[EndTime "17:46:26 PST"]
[Termination "MrReinberg won by resignation"]

1. e4 e5 2. Nf3 Nc6 3. Nc3 Nf6 4. a3 d5 5. Bb5 d4 6. Ne2 Bd7 7. d3 Bd6 8. O-O O-O 9. Ng3 Re8 10. Bg5 h6 11. Bd2 a6 12. Bc4 b5 13. Ba2 Bf8 14.
Nh4 g6 15. Nxg6 Bg7 16. Nh4 Nxe4 17. Qh5 Nxd2 18. Qxf7+ Kh7 19. Ngf5 Qf6 20. Qxd7 Nxf1 21. Nxg7 Re7 22. Qf5+ Qxf5 23. Ngxf5 Rd7 24. Rxf1 Re8 25.
f4 e4 26. dxe4 Rxe4 27. Ng3 Re3 28. f5 Ne5 29. f6 Nf7 30. Nhf5 Re5 31. Nxd4 c5 32.
Ne6 Rd2 33. Nxc5 Rxc5 34. Ne4 Rcd5 35. Nxd2 Rd7 36. Bxf7 Rxf7 37. Ne4 Kg8 38. Nd6 Rd7 39. f7+ Kf8 40. Rf6 h5 41. b3 h4 42. c4 bxc4 43. bxc4 a5 44. Re6 Re7 45. Rxe7 Kxe7 46. c5 a4 47. g4 hxg3 48. h4 Kf8 49. c6 Kg7 50. c7 Kh7 51. f8=Q Kg6 52. Qf7+ 1-0

[Event "*** Titled Tuesday 3|2 Blitz (Late)"]
[Site "Chess.com"]
[Date "2017.01.03"]
[Round "4"]
[White "andresgv36"]
[Black "beastfromweast"]
[Result "1-0"]
[WhiteElo "2309"]
[BlackElo "2284"]
[TimeControl "180+2"]
[EndTime "17:46:28 PST"]
[Termination "andresgv36 won by resignation"]

1. Nf3 d5 2. d4 e6 3. c4 Nf6 4.
Nc3 Be7 5. Bf4 O-O 6. e3 Nbd7 7. Qc2 a6 8. cxd5 exd5 9. Bd3 c6 10. g4 Re8 11. g5 Ne4 12. Nxe4 dxe4 13. Bxe4 Bb4+ 14.
Kf1 Nf8 15. Ne5 Bh3+ 16. Bg2 Bxg2+ 17. Kxg2 Qd5+ 18. Kg3 Ne6 19. Qc4 Nxf4 20. exf4 Rxe5 21. Qxb4 Re4 22. Rhe1 Rxd4 23. Qxb7 Rd3+ 24. Re3 Re8 25. Re1 h5 26. Qxa6 Rdxe3+ 27. Rxe3 Rxe3+ 28. fxe3 Qd2 29. Qc8+ Kh7 30. Qxc6 Qxe3+ 31. Qf3 Qg1+ 32. Kh3 g6 33. a4 Qa1 34. b3 Qa3 35. Qd5 Kg8 36. Qd8+ Kh7 37.
Qd5 Kg8 38. f5 gxf5 39. g6 Kg7 40.
Qxf7+ Kh6 41. g7 Qc1 42. g8=Q Qf1+ 43. Qg2 Qd3+ 44. Qg3 Qf1+ 45. Kh4 Qc4+ 46. bxc4 1-0